 Dungeon Crawl Stone Soup version 0.22.1-2-g9c5b331 (webtiles) character file.

77265 Rein the Fighter (level 15, -24/138 HPs)
             Began as a Green Draconian Fire Elementalist on Nov 15, 2018.
             Was the Champion of Vehumet.
             Annihilated by a white ugly thing (34 damage)
             ... on level 14 of the Dungeon on Nov 17, 2018.
             The game lasted 02:24:29 (30922 turns).

Rein the Fighter (DrFE)                            Turns: 30922, Time: 02:24:30

Health: -24/138    AC: 24    Str: 16    XL:     15   Next: 14%
Magic:  16/56      EV: 12    Int: 25    God:    Vehumet [******]
Gold:   341        SH: 17    Dex: 13    Spells: 3/32 levels left

rFire    . . .     SeeInvis .   q - +7 hand crossbow of Lies {venom, Str+3}
rCold    . . .     Gourm    .   L - +0 shield
rNeg     . . .     Faith    .   (armour unavailable)
rPois    +         Spirit   .   P - +3 hat of Pondering {ponderous, MR+ MP+10 Int+5}
rElec    .         Reflect  +   Z - scarf {cloud immunity}
rCorr    +         Harm     .   W - +3 pair of gauntlets of War {Slay+5}
MR       ++...                  X - +2 pair of boots of the Loofah {+Blink rCorr MP+9 Str+2}
Stlth    ++........             t - +5 amulet of reflection
HPRegen  0.33/turn              x - ring of magical power
MPRegen  0.35/turn              o - +5 ring of protection

@: slow
A: breathe noxious fumes, unfitting armour, stinger 1, poison resistance,
cold-blooded, AC +9
a: Breathe Noxious Fumes, Renounce Religion, Evoke Blink


You were on level 14 of the Dungeon.
You worshipped Vehumet.
Vehumet was exalted by your worship.
You were very hungry.

You visited 3 branches of the dungeon, and saw 22 of its levels.
You also visited: Trove.

You collected 2834 gold pieces.
You spent 2493 gold pieces at shops.

Inventory:

Hand Weapons
 m - the +8 spear of Tender Mercy {flame, Int+4}
   (You took it off a spriggan on level 10 of the Dungeon)

   It has been specially enchanted to burn those struck by it, causing extra
   injury to most foes and up to half again as much damage against particularly
   susceptible opponents.
   It affects your intelligence (+4).
 q - the +7 hand crossbow of Lies (weapon) {venom, Str+3}
   (You found it on level 1 of the Lair of Beasts)

   It poisons the ammo it fires.
   It affects your strength (+3).
 E - the cursed +1 mace "Wacs" {crush, rElec Str+4}
   (You found it on level 6 of the Dungeon)

   It inflicts extra damage upon your enemies.
   It affects your strength (+4).
   It insulates you from electricity.
   It has a curse placed upon it.
Missiles
 n - 3 throwing nets
 S - 117 bolts (quivered)
Armour
 L - a +0 shield (worn)
 P - the +3 hat of Pondering (worn) {ponderous, MR+ MP+10 Int+5}
   (You found it in a treasure trove)

   It affects your intelligence (+5).
   It affects your resistance to hostile enchantments.
   It affects your magic capacity (+10).
 W - the +3 pair of gauntlets of War (worn) {Slay+5}
   (You found it in a treasure trove)

   It affects your accuracy and damage with ranged weapons and melee attacks
   (+5).
 X - the +2 pair of boots of the Loofah (worn) {+Blink rCorr MP+9 Str+2}
   (You found it in a treasure trove)

   It affects your strength (+2).
   It affects your magic capacity (+9).
   It lets you blink.
   It provides partial protection from all sources of acid and corrosion.
 Z - a scarf of cloud immunity (worn)
Jewellery
 o - a +5 ring of protection (right hand)
 t - a +5 amulet of reflection (around neck)
 x - a ring of magical power (left hand)
 D - a +6 ring of dexterity
 I - an uncursed ring of positive energy
 O - an uncursed ring of wizardry
 Q - an uncursed ring of protection from fire
Wands
 a - a wand of enslavement (28)
 z - a wand of random effects (64)
 C - a wand of iceblast (7)
 G - a wand of clouds (5)
 M - a wand of disintegration (21)
 N - a wand of paralysis (21)
Scrolls
 d - 6 scrolls of enchant armour
 f - 6 scrolls of remove curse
 i - 2 scrolls of noise
 l - 5 scrolls of fog
 v - a scroll of fear
 y - 7 scrolls of teleportation
 A - 6 scrolls of identify
 B - 2 scrolls of enchant weapon
 K - 2 scrolls of amnesia
 R - a scroll of blinking
Potions
 c - 4 potions of brilliance
 e - a potion of resistance
 g - 2 potions of haste
 h - 2 potions of magic
 j - 2 potions of flight
 k - 3 potions of agility
 p - 4 potions of ambrosia
 r - a potion of might
 s - 4 potions of lignification
 u - a potion of mutation
 w - 2 potions of heal wounds
 F - 3 potions of curing
 T - 2 potions of invisibility
Miscellaneous
 H - a crystal ball of energy
Comestibles
 b - 31 rations
 J - 10 chunks of flesh


   Skills:
 + Level 14.1 Fighting
 + Level 11.1 Polearms
 + Level 3.2 Dodging
 - Level 1.7 Stealth
 + Level 11.4 Shields
 + Level 9.0 Spellcasting
 - Level 7.0 Conjurations
 - Level 4.0 Charms
 - Level 4.0 Necromancy
 - Level 11.0 Fire Magic
 - Level 3.0 Air Magic
 - Level 5.0 Poison Magic


You had 3 spell levels left.
You knew the following spells:

 Your Spells              Type           Power        Failure   Level  Hunger
a - Flame Tongue          Conj/Fire      #####        1%          1    None
b - Conjure Flame         Conj/Fire      ######..     1%          3    None
c - Sticky Flame          Conj/Fire      ######..     1%          4    ##.....
d - Fireball              Conj/Fire      ######....   1%          5    ####...
e - Airstrike             Air            ####......   7%          4    ##.....
f - Regeneration          Chrm/Necr      ####......   4%          3    None
g - Venom Bolt            Conj/Pois      #####.....   5%          5    ####...
h - Olgreb's Toxic Radia  Pois           #####...     3%          4    ##.....

Your spell library contained the following spells:

 Spells                   Type           Power        Failure   Level  Hunger
 Spellforged Servitor     Conj/Summ      ####......   98%         7    #######
 Animate Skeleton         Necr           N/A          1%          1    None
 Magic Dart               Conj           ####         1%          1    None
 Pain                     Necr           ####         1%          1    None
 Sting                    Conj/Pois      ####         1%          1    None
 Searing Ray              Conj           #####.       1%          2    None
 Throw Flame              Conj/Fire      ######       1%          2    None
 Throw Frost              Conj/Ice       ####..       1%          2    None
 Dazzling Spray           Conj/Hex       ####..       1%          3    None
 Inner Flame              Hex/Fire       #####...     1%          3    None
 Static Discharge         Conj/Air       #####...     1%          3    None
 Freeze                   Ice            ##..         2%          1    None
 Corpse Rot               Necr           N/A          2%          2    None
 Poisonous Vapours        Pois/Air       ####..       2%          2    None
 Vampiric Draining        Necr           ####......   4%          3    None
 Confusing Touch          Hex            ##....       9%          1    None
 Spider Form              Tmut/Pois      ###.......   9%          3    None
 Ozocubu's Armour         Chrm/Ice       ###.....     11%         3    None
 Confuse                  Hex            ##......     26%         3    None
 Gell's Gravitas          Tloc           ##........   26%         3    None
 Iskenderun's Mystic Bla  Conj           #####...     1%          4    ##.....
 Force Lance              Conj/Tloc      ####....     5%          4    ##.....
 Fulminant Prism          Conj/Hex       ####......   5%          4    ##.....
 Throw Icicle             Conj/Ice       ####....     5%          4    ##.....
 Lightning Bolt           Conj/Air       #####.....   9%          5    ####...
 Animate Dead             Necr           N/A          16%         4    ##.....
 Yara's Violent Unravell  Hex/Tmut       ##........   50%         5    ####...
 Petrify                  Tmut/Erth      ##......     63%         4    ##.....
 Summon Ice Beast         Ice/Summ       ##......     63%         4    ##.....
 Ignition                 Fire           ######....   78%         8    #######
 Metabolic Englaciation   Hex/Ice        ##........   93%         5    ####...
 Shatter                  Erth           ##........   100%        9    #######
 Tornado                  Air            ####......   100%        9    #######


Dungeon Overview and Level Annotations

Branches:
Dungeon (14/15)            Temple (0/1) D:5            Lair (6/6) D:9
 Shoals (0/4) Lair:3       Spider (0/4) Lair:3        Slime (0/5) Lair:5
    Orc (2/2) D:9             Elf (0/3) Orc:2
 Vaults: D:13-14

Altars:
Ashenzari
Dithmenos
Elyvilon
Gozag
Hepliaklqana
Makhleb
Nemelex Xobeh
Qazlal
Sif Muna
Trog
Vehumet
Wu Jian
Xom
Yredelemnul
The Shining One
Jiyva

Shops:
D:7 (   D:8 ?   D:13 !   Orc:2 ([*:

Portals:
Hell: Lair:6

Annotations:
Lair:6 1 runed door, Torikoriko's ghost, journeyman OgGl
Orc:1 2 runed doors, exclusion: orange crystal statue


Innate Abilities, Weirdness & Mutations

You can breathe blasts of noxious fumes.
Your lurid green scales are hard. (AC +9)
You cannot fit into any form of body armour.
Your tail ends in a poisonous barb.
Your system is resistant to poisons. (rPois)
You are cold-blooded and may be slowed by cold attacks.


Message History

You feel your power returning.
You block the white ugly thing's attack.
Casting: Sticky Flame (safe; 1% risk of failure)
Confirm with . or Enter, or press ? or * to list all spells.
Aiming: Sticky Flame (safe; 1% risk of failure)
Press: ? - help, Shift-Dir - straight line, f - white ugly thing
Aim: a white ugly thing (lightly wounded)
The sticky flame hits the white ugly thing.
The white ugly thing is lightly wounded.
The white ugly thing is covered in liquid flames!
You feel yourself speed up.
The white ugly thing burns! x2
You block the white ugly thing's attack.
Press: ? - help, v - describe, . - travel The floor.
Unknown command.
The white ugly thing burns!
The white ugly thing headbutts you.
* * * LOW HITPOINT WARNING * * *
The white ugly thing freezes you!!
You die...

#............†......
#...##...##........>
#...###'####'####
#...#....##.....##
#...#............#
#...###'###......#
#... ##......+
#.).....# #..u@...#
#########


You could see a white ugly thing (burning).

Vanquished Creatures
  Frances (D:13)
  Kirke (Lair:6)
  An orc warlord (Orc:1)
  Josephine (Lair:6)
  5 hydras
  Erica (D:10)
  3 two-headed ogres
  A death knight (D:13)
  The ghost of PinHead the Thaumaturge, a journeyman OpVM of Ashenzari (D:10)
  3 death yaks (Lair:5)
  Nergalle (Lair:4)
  Sonja (Orc:1)
  A sun demon (Lair:6)
  3 orc high priests (Orc:2)
  5 skeletal warriors
  2 unseen horrors
  A wizard (Lair:6)
  5 orc knights
  A wolf spider zombie (D:13)
  An orb spider (Lair:3)
  4 orc sorcerers (Orc:2)
  11 ugly things
  3 elephants
  A centaur zombie (D:12)
  3 oklob plants (Lair:3)
  3 black mambas
  Maurice (Orc:1)
  Joseph (D:7)
  3 orange demons
  3 molten gargoyles
  2 gargoyles
  7 spiny frogs
  6 rime drakes
  7 komodo dragons
  2 red devils (Lair:6)
  An ice devil (Lair:6)
  A hellwing (Lair:6)
  2 tengu conjurers (D:13)
  4 polar bears
  5 trolls
  2 hornets
  9 hippogriffs
  22 blink frogs
  A dream sheep (Lair:4)
  A vampire (D:14)
  2 spriggans (D:10)
  4 wyverns
  25 yaks
  A wyvern (shapeshifter) (D:14)
  A shadow (D:12)
  3 fire bats (Lair:1)
  5 wraiths
  A human (Lair:6)
  A steam dragon (D:12)
  2 hungry ghosts
  2 basilisks (Lair:5)
  3 hogs (Lair:6)
  2 acid dragons
  A warg (Orc:1)
  12 water moccasins
  3 hell hounds
  10 porcupines
  3 sky beasts
  2 ice beasts
  A phantom (D:13)
  13 ogres
  35 orc warriors
  2 black bears
  A necrophage (D:6)
  6 wolves (Lair:6)
  6 centaurs
  15 crocodiles
  4 big kobolds
  16 bullfrogs
  A wyvern skeleton (D:13)
  A wyvern zombie (D:8)
  2 scorpions
  14 killer bees
  16 wights
  An electric eel (Lair:1)
  A vampire bat (Lair:5)
  7 crimson imps
  3 howler monkeys (D:8)
  6 jellies
  5 lava snakes (Lair:5)
  A quasit (D:13)
  A bullfrog zombie (D:12)
  3 hounds
  23 orc priests
  2 bullfrog skeletons
  4 iguanas
  28 orc wizards
  8 worker ants
  2 hell rats (Lair:3)
  A killer bee zombie (D:8)
  A hound zombie (D:6)
  2 hound skeletons
  7 gnolls
  11 adders
  2 howler monkey skeletons (D:7)
  11 river rats (Lair:3)
  3 shadow imps
  2 adder skeletons (D:8)
  4 worms
  A dart slug (D:3)
  4 leopard geckos
  101 orcs
  A ball python (D:3)
  6 giant cockroaches
  5 goblins
  6 hobgoblins
  11 jackals
  2 quokkas
  13 bats
  5 frilled lizards
  A jackal skeleton (D:4)
  23 kobolds
  A leopard gecko skeleton (D:4)
  2 quokka skeletons
  12 rats
  A butterfly (D:5)
  A plant (Lair:3)
695 creatures vanquished.

Vanquished Creatures (others)
  An orc warlord (Orc:2)
  2 cyclopes (D:12)
  A human (Lair:6)
  5 centaurs
  3 orcs
  9 fungi
  19 plants
40 creatures vanquished.

Grand Total: 735 creatures vanquished

Notes
Turn   | Place    | Note
-------+----------+-------------------------------------------
     0 | D:1      | Rein the Draconian Fire Elementalist began the quest for
                  | the Orb.
     0 | D:1      | Reached XP level 1. HP: 14/14 MP: 3/3
   417 | D:1      | Reached XP level 2. HP: 15/22 MP: 1/5
   418 | D:1      | Reached skill level 1 in Fighting
  1224 | D:2      | Reached XP level 3. HP: 28/29 MP: 2/6
  1297 | D:2      | Learned a level 3 spell: Conjure Flame
  1873 | D:2      | Found a radiant altar of Vehumet.
  1874 | D:2      | Found a hazy altar of Hepliaklqana.
  1885 | D:2      | Became a worshipper of Vehumet
  1918 | D:3      | Reached skill level 2 in Fighting
  1959 | D:3      | Noticed an orc warrior
  1985 | D:3      | Reached XP level 4. HP: 19/36 MP: 1/7
  2456 | D:3      | Reached XP level 5. HP: 34/44 MP: 3/8
  2504 | D:3      | Learned a level 4 spell: Sticky Flame
  2533 | D:3      | Reached skill level 3 in Fighting
  2796 | D:3      | Reached * piety under Vehumet
  2796 | D:3      | Offered knowledge of Sandblast by Vehumet.
  2827 | D:3      | Found a deep blue altar of Sif Muna.
  2831 | D:3      | Found a sparkling altar of Nemelex Xobeh.
  3025 | D:3      | Found an opulent altar of Gozag.
  3926 | D:4      | Reached XP level 6. HP: 51/51 MP: 6/9
  4867 | D:4      | Reached skill level 4 in Fighting
  5090 | D:5      | Entered Level 5 of the Dungeon
  5136 | D:5      | Noticed a water moccasin
  5147 | D:5      | Killed a water moccasin
  5147 | D:5      | Reached skill level 5 in Fire Magic
  5153 | D:5      | Reached ** piety under Vehumet
  5229 | D:5      | Offered knowledge of Searing Ray by Vehumet.
  5229 | D:5      | Your scales start taking on a lurid green colour.
  5229 | D:5      | Reached XP level 7. HP: 60/60 MP: 7/10
  5229 | D:5      | Gained mutation: Your system is resistant to poisons.
                  | (rPois) [Green Draconian growth]
  5477 | D:5      | Reached skill level 5 in Fighting
  5515 | D:5      | Found a staircase to the Ecumenical Temple.
  5900 | D:6      | Reached skill level 5 in Conjurations
  6040 | D:6      | Reached XP level 8. HP: 55/70 MP: 3/11
  6100 | D:6      | Found a burning altar of Makhleb.
  6208 | D:6      | Reached skill level 6 in Fighting
  6578 | D:6      | Got an ancient mace
  6907 | D:6      | Offered knowledge of Throw Frost by Vehumet.
  7242 | D:7      | Found a shadowy altar of Dithmenos.
  7317 | D:7      | Reached skill level 7 in Fighting
  7406 | D:7      | Found a basalt altar of Yredelemnul.
  7415 | D:7      | Found a glowing golden altar of the Shining One.
  7470 | D:7      | Found Ocaakes's Antique Weapon Emporium.
  7689 | D:7      | Reached *** piety under Vehumet
  7722 | D:7      | Reached XP level 9. HP: 70/74 MP: 3/12
  7790 | D:7      | Noticed Joseph
  7819 | D:7      | Killed Joseph
  8168 | D:7      | Learned a level 5 spell: Fireball
  8500 | D:8      | Reached skill level 1 in Shields
  8513 | D:8      | Offered knowledge of Airstrike by Vehumet.
  9016 | D:8      | Reached skill level 8 in Fighting
  9414 | D:8      | Learned a level 4 spell: Airstrike
  9418 | D:8      | Found a white marble altar of Elyvilon.
  9550 | D:8      | Found a shattered altar of Ashenzari.
  9570 | D:8      | Reached skill level 1 in Polearms
  9694 | D:8      | Reached skill level 5 in Spellcasting
  9892 | D:8      | Found a stormy altar of Qazlal.
  9985 | D:8      | Reached XP level 10. HP: 72/85 MP: 15/17
 10597 | D:8      | Found Xigeori's Magic Scroll Shop.
 10600 | D:8      | Bought a scroll of remove curse for 33 gold pieces
 10600 | D:8      | Bought a scroll of remove curse for 33 gold pieces
 10661 | D:8      | Reached **** piety under Vehumet
 10828 | D:9      | Found a staircase to the Lair.
 10912 | D:9      | Found an ornate altar of the Wu Jian Council.
 10983 | D:9      | Offered knowledge of Ignite Poison by Vehumet.
 11445 | D:9      | Learned a level 3 spell: Regeneration
 11500 | D:9      | Found a staircase to the Orcish Mines.
 11670 | D:9      | Found a stormy altar of Qazlal.
 11956 | D:9      | Found a bloodstained altar of Trog.
 12083 | D:10     | Entered Level 10 of the Dungeon
 12094 | D:10     | Reached skill level 9 in Fighting
 12564 | D:10     | Noticed Erica
 12588 | D:10     | Killed Erica
 12588 | D:10     | Reached skill level 5 in Shields
 12791 | D:10     | Found a runed door.
 12792 | D:10     | Noticed PinHead's ghost (journeyman OpVM)
 12821 | D:10     | Killed PinHead's ghost
 12821 | D:10     | Reached skill level 10 in Fighting
 12821 | D:10     | Reached skill level 5 in Polearms
 12821 | D:10     | Reached XP level 11. HP: 76/99 MP: 20/20
 12854 | D:10     | Got an ichor-stained spear {flame}
 12855 | D:10     | Identified the +8 spear of Tender Mercy {flame, Int+4} (You
                  | took it off a spriggan on level 10 of the Dungeon)
 13127 | Lair:1   | Entered Level 1 of the Lair of Beasts
 13197 | Lair:1   | Reached skill level 1 in Necromancy
 13207 | Lair:1   | Reached skill level 1 in Charms
 13221 | Lair:1   | Got an iridescent hand crossbow
 13249 | Lair:1   | Identified the +7 hand crossbow of Lies {venom, Str+3} (You
                  | found it on level 1 of the Lair of Beasts)
 13297 | Lair:1   | Reached ***** piety under Vehumet
 13529 | Lair:1   | Offered knowledge of Venom Bolt by Vehumet.
 14065 | Lair:1   | Noticed an eight-headed hydra
 14069 | Lair:1   | Killed an eight-headed hydra
 14671 | Lair:2   | Reached skill level 11 in Fighting
 14899 | Lair:2   | Reached XP level 12. HP: 62/110 MP: 21/21
 15915 | Lair:3   | Found a hole to the Spider Nest.
 16212 | Lair:3   | Found a staircase to the Shoals.
 16238 | Lair:3   | Learned a level 5 spell: Venom Bolt
 16738 | Lair:3   | Identified the Disquisition on Blistering Envenoming
 17178 | Lair:4   | Noticed Nergalle
 17201 | Lair:4   | Killed Nergalle
 17529 | Lair:4   | Noticed a four-headed hydra
 17554 | Lair:4   | Killed a four-headed hydra
 17923 | Lair:4   | Reached skill level 12 in Fighting
 18787 | Lair:5   | Noticed a seven-headed hydra
 18797 | Lair:5   | Killed a seven-headed hydra
 18986 | Lair:5   | Reached XP level 13. HP: 109/118 MP: 24/24
 19169 | Lair:5   | Found a viscous altar of Jiyva.
 19170 | Lair:5   | Found a staircase to the Slime Pits.
 19215 | Lair:5   | Reached skill level 1 in Air Magic
 19244 | Lair:5   | Found a white marble altar of Elyvilon.
 19425 | Lair:6   | Entered Level 6 of the Lair of Beasts
 19864 | Lair:6   | Noticed Kirke
 19879 | Lair:6   | Killed Kirke
 20206 | Lair:6   | Noticed Josephine
 20218 | Lair:6   | Killed Josephine
 20627 | Lair:5   | Reached skill level 1 in Poison Magic
 21135 | Lair:6   | Reached skill level 10 in Fire Magic
 22024 | Lair:6   | Reached skill level 10 in Shields
 22378 | Lair:6   | Found a burning altar of Makhleb.
 22392 | Lair:6   | Reached skill level 13 in Fighting
 22733 | Lair:6   | Found a runed door.
 22734 | Lair:6   | Found a shimmering altar of Xom.
 22734 | Lair:6   | Noticed Torikoriko's ghost (journeyman OgGl)
 23245 | Lair:6   | Found a gateway to Hell.
 23494 | Orc:1    | Entered Level 1 of the Orcish Mines
 23562 | Orc:1    | Found a runed door.
 23569 | Orc:1    | Found the +10 large shield of Ignorance {rN+ Int-4}
 23607 | Orc:1    | Noticed Maurice
 23612 | Orc:1    | Gained mutation: Your tail ends in a poisonous barb. [Green
                  | Draconian growth]
 23612 | Orc:1    | Reached XP level 14. HP: 101/129 MP: 12/26
 23630 | Orc:1    | Killed Maurice
 24056 | Orc:1    | Found a runed door.
 24160 | Orc:2    | Entered Level 2 of the Orcish Mines
 24185 | Orc:2    | Noticed an orc warlord
 24226 | Orc:1    | Killed an orc warlord
 24226 | Orc:1    | Reached skill level 10 in Polearms
 24563 | Orc:1    | Reached ****** piety under Vehumet
 24823 | Orc:2    | Found a staircase to the Elven Halls.
 25073 | Orc:2    | Offered knowledge of Olgreb's Toxic Radiance by Vehumet.
 25073 | Orc:2    | Reached skill level 5 in Poison Magic
 25076 | Orc:2    | Noticed an orc warlord
 25295 | Orc:1    | Noticed Sonja
 25386 | Orc:2    | Killed an orc warlord
 25485 | Orc:2    | Paralysed by an orc sorcerer for 5 turns
 25624 | Orc:2    | Learned a level 4 spell: Olgreb's Toxic Radiance
 26918 | Orc:2    | Found Higraef's Antique Armour Shoppe.
 26919 | Orc:2    | Found Xoutar's Antique Weapon Emporium.
 26920 | Orc:2    | Found Vaawiveh's General Store.
 26920 | Orc:2    | Found Niaroext's Book Shoppe.
 26934 | Orc:2    | Bought a pair of embroidered gloves for 210 gold pieces
 27085 | Orc:1    | Killed Sonja
 27395 | D:11     | Offered knowledge of Freezing Cloud by Vehumet.
 27553 | D:11     | Identified the cursed +1 mace "Wacs" {crush, rElec Str+4}
                  | (You found it on level 6 of the Dungeon)
 28848 | D:12     | Identified the Papyrus of Unholy Contamination
 29264 | D:12     | Found a portal to a secret trove of treasure.
 29383 | D:7      | Bought the +7 Spriggan's Knife {MR+ EV+4 Dex+4 Stlth+} for
                  | 2017 gold pieces
 29383 | D:7      | Found the +7 Spriggan's Knife {MR+ EV+4 Dex+4 Stlth+}
 29487 | D:12     | You paid a toll of Spriggan's Knife to enter a treasure
                  | trove
 29488 | Trove    | Entered a treasure trove
 29492 | Trove    | Found the +3 hat of Pondering {ponderous, MR+ MP+10 Int+5}
 29494 | Trove    | Found the +3 pair of gauntlets of War {Slay+5}
 29509 | Trove    | Got a shimmering large shield
 29513 | Trove    | Got a pair of transparent boots
 29515 | Trove    | Got an ichor-stained hat
 29609 | Trove    | Identified the +2 pair of boots of the Loofah {+Blink rCorr
                  | MP+9 Str+2} (You found it in a treasure trove)
 29669 | Trove    | Identified the +2 hat of Happy Babbling {rCorr MP+9} (You
                  | found it in a treasure trove)
 29691 | Trove    | Identified the -3 large shield of the Serpent {+Inv rN+
                  | Str+4} (You found it in a treasure trove)
 30433 | D:13     | Reached XP level 15. HP: 137/137 MP: 27/27
 30458 | D:13     | Noticed Frances
 30470 | D:13     | Killed Frances
 30470 | D:13     | Reached skill level 14 in Fighting
 30598 | D:13     | Found Nyd Nupi's Distillery.
 30608 | D:13     | Bought a potion of haste for 100 gold pieces
 30608 | D:13     | Bought a potion of haste for 100 gold pieces
 30916 | D:14     | Offered knowledge of Spellforged Servitor by Vehumet.
 30922 | D:14     | Annihilated by a white ugly thing

Skill      XL: |  1  2  3  4  5  6  7  8  9 10 11 12 13 14 15 |
---------------+----------------------------------------------+-----
Fighting       | 1 2 3 4 5 7 8 10 11 12 13 14 | 14.1
Conjurations   | 2 3 4 5 6 7 |  7.0
Fire Magic     | 4 5 6 7 8 9 10 11 | 11.0
Spellcasting   | 5 6 7 8 9 |  9.0
Shields        | 3 5 7 9 10 11 | 11.4
Polearms       | 1 5 7 8 9 11 | 11.1
Necromancy     | 3 4 |  4.0
Charms         | 3 4 |  4.0
Air Magic      | 3 |  3.0
Poison Magic   | 4 5 |  5.0
Dodging        | 2 3 |  3.2
Stealth        | |  1.7

Action                   |  1- 3 |  4- 6 |  7- 9 | 10-12 | 13-15 || total
-------------------------+-------+-------+-------+-------+-------++-------
Melee: Unarmed           |    17 |       |       |       |       ||    17
       Short sword       |    79 |    30 |       |       |       ||   109
       Tailslap          |    11 |    11 |    33 |    56 |    49 ||   160
       Spear             |       |   145 |   156 |   389 |   659 ||  1349
       Trident           |       |       |   325 |   234 |       ||   559
 Fire: Hand crossbow     |       |       |       |       |    92 ||    92
 Cast: Flame Tongue      |    38 |    98 |   118 |    80 |    41 ||   375
       Conjure Flame     |       |     4 |    20 |    12 |       ||    36
       Sticky Flame      |       |     1 |    13 |    73 |    95 ||   182
       Fireball          |       |       |       |    16 |    87 ||   103
       Airstrike         |       |       |       |       |    54 ||    54
       Regeneration      |       |       |       |       |     6 ||     6
       Venom Bolt        |       |       |       |       |    20 ||    20
       Olgreb's Toxic Ra |       |       |       |       |     9 ||     9
 Abil: Breathe Noxious F |       |       |     2 |       |     1 ||     3
Evoke: Wand              |       |       |       |     7 |    13 ||    20
  Use: Scroll            |       |    14 |    11 |     7 |     4 ||    36
       Potion            |       |       |     1 |     2 |     2 ||     5
 Stab: Sleeping          |     3 |       |     3 |     8 |     2 ||    16
       Confused          |       |       |     2 |       |       ||     2
       Distracted        |       |       |     1 |       |     1 ||     2
  Eat: Chunk             |     4 |     9 |    16 |    35 |    42 ||   106
       Ration            |       |     1 |     2 |     3 |     8 ||    14
Armor: Skin              |    42 |    44 |   150 |   106 |   174 ||   516
Dodge: Dodged            |    79 |   136 |   194 |   165 |   184 ||   758
Block: Shield            |       |       |    85 |   387 |   494 ||   966
       Reflection        |       |       |       |    24 |    47 ||    71
